 Dungeon Crawl Stone Soup version 0.21.0-24-g2553a33 (webtiles) character file.

278 Gorglomux the Ducker (level 6, -4/49 HPs)
             Began as a Merfolk Assassin on Jan 19, 2018.
             Was an Initiate of Okawaru.
             Slain by Duvessa
             ... wielding a +0 rapier
              (8 damage)
             ... on level 5 of the Dungeon.
             The game lasted 00:15:01 (3582 turns).

Gorglomux the Ducker (Merfolk Assassin)             Turns: 3582, Time: 00:15:02

Health: -4/49      AC:  8    Str: 12    XL:     6   Next: 26%
Magic:  6/6        EV: 13    Int: 11    God:    Okawaru [......]
Gold:   38         SH:  0    Dex: 16    Spells: 5/5 levels left

rFire    . . .     SeeInvis +   a - +3 dagger
rCold    . . .     Gourm    .   (no shield)
rNeg     . . .     Faith    .   W - +0 ring mail
rPois    .         Spirit   .   Q - +0 helmet
rElec    .         Reflect  .   d - +1 cloak
rCorr    .         Harm     .   (no gloves)
MR       .....                  (no boots)
Stlth    ++........             V - amulet of rage
HPRegen  0.16/turn              s - ring of see invisible
MPRegen  0.10/turn              (no ring)

@: flying
A: change form in water, swift swim, stealthy swim
a: Renounce Religion, Evoke Berserk Rage


You were on level 5 of the Dungeon.
You worshipped Okawaru.
Okawaru was noncommittal.
You were not hungry.

You visited 2 branches of the dungeon, and saw 6 of its levels.

You collected 167 gold pieces.
You spent 129 gold pieces at shops.

Inventory:

Hand Weapons
 a - a +3 dagger (weapon)
 b - a +0 trident
 q - a +0 blowgun
Missiles
 e - 20 poisoned needles
 f - a curare-tipped needle
 U - 5 tomahawks (quivered)
Armour
 d - a +1 cloak (worn)
 Q - a +0 helmet (worn)
 W - a +0 ring mail (worn)
 X - a cursed +0 chain mail
Jewellery
 s - a ring of see invisible (left hand)
 V - an amulet of rage (around neck)
Wands
 E - a wand of enslavement (9)
Scrolls
 x - 2 scrolls of immolation
 M - a scroll of magic mapping
 R - a scroll of fear
 T - a scroll of teleportation
 Y - a scroll of amnesia
 Z - a scroll of enchant weapon
Potions
 r - 2 potions of might
 v - a potion of flight
 J - a potion of haste {unknown}
 O - a potion of magic {unknown}
 P - a potion of brilliance {unknown}
 S - 2 potions of curing {unknown}
Books
 F - a book of Cantrips

   Spells                             Type                      Level
   a - Confusing Touch                Hexes                        1
   b - Animate Skeleton               Necromancy                   1
   c - Summon Small Mammal            Summoning                    1
   d - Apportation                    Translocation                1
Comestibles
 g - 7 rations


   Skills:
 + Level 4.4 Fighting
 - Level 2.4 Short Blades
 + Level 4.4 Polearms
 - Level 2.0 Throwing
 + Level 4.9 Dodging
 - Level 4.3 Stealth


You had 5 spell levels left.
You didn't know any spells.

Dungeon Overview and Level Annotations

Branches:
Dungeon (5/15)             Temple (1/1) D:4

Altars:
Ashenzari
Elyvilon
Gozag
Nemelex Xobeh
Okawaru
Ru
Xom
Zin

Shops:
D:4 ?

Annotations:
D:2 Natasha
D:4 p0werm0de's ghost, amateur DDFi
D:5 Blork the orc; Dowan; Duvessa


Message History

Duvessa hits you with a rapier!
You butt too injured to fight recklessly!!!
You are too injured to fight recklessly!!!
You are too injured to fight recklessly!!!
You are too injured to fight recklessly!!!
You stick Duvessa but do butt damage!
Duvessa is severely wounded!
Duvessa hits you with a rapier!!!
Duvessa gestures with her weapon!
Duvessa hits you with a rapier!!! * * * don't die
* * * Dowan gestures wildly while chanting!
Dowan blinks!!!
Okay, then!
Duvessa hits you with a rapier! * * * don't die
* * * It was a potion of flight!
You feel very buoyant!
Butt fly up into the air!
Duvessa hits you with a rapier!!! rip

#. # #a
#.#( #(#(
# # ...
#.#
#.#####
#####.#
#(.(.a#
......#
#####e#
.......
#@# #....
#.# #.###
#.#
#.####.###
#.#
#.........
#.#
#.####.###
#.# #[#
#.# #.#
#.# #.#
#.# #.#


You could see Duvessa and a worker ant.

Vanquished Creatures
  Sigmund (D:5)
  A hound (D:5)
  A hound skeleton (D:5)
  An adder (D:2)
  A shadow imp (D:5)
  2 oozes
  2 worms (D:3)
  A leopard gecko (D:2)
  6 orcs
  6 bats
  3 giant cockroaches
  2 hobgoblins (D:3)
  6 jackals
  5 kobolds
  3 quokkas (D:2)
  2 ball pythons
  5 goblins
  2 rats
50 creatures vanquished.

Notes
Turn   | Place    | Note
-------+----------+-------------------------------------------
     0 | D:1      | Gorglomux the Merfolk Assassin began the quest for the Orb.
     0 | D:1      | Reached XP level 1. HP: 16/16 MP: 1/1
   525 | D:1      | Reached XP level 2. HP: 23/23 MP: 2/2
  1179 | D:2      | Noticed Natasha
  1404 | D:2      | Reached skill level 3 in Fighting
  1404 | D:2      | Reached skill level 1 in Polearms
  1404 | D:2      | Reached XP level 3. HP: 26/29 MP: 3/3
  1714 | D:2      | Reached skill level 3 in Dodging
  2125 | D:3      | Reached XP level 4. HP: 19/35 MP: 4/4
  2736 | D:4      | Noticed p0werm0de's ghost (amateur DDFi)
  3020 | D:4      | Found Joxeo's Magic Scroll Shop.
  3026 | D:4      | Bought a scroll of amnesia for 45 gold pieces
  3026 | D:4      | Bought a scroll of magic mapping for 45 gold pieces
  3026 | D:4      | Bought a scroll of teleportation for 39 gold pieces
  3077 | D:4      | Found an opulent altar of Gozag.
  3096 | D:4      | Found a sparkling altar of Nemelex Xobeh.
  3096 | D:4      | Found a shimmering altar of Xom.
  3243 | D:4      | Found a staircase to the Ecumenical Temple.
  3252 | Temple   | Entered the Ecumenical Temple
  3263 | Temple   | Became a worshipper of Warmaster Okawaru
  3353 | D:5      | Entered Level 5 of the Dungeon
  3372 | D:5      | Noticed Blork the orc
  3448 | D:5      | Noticed Sigmund
  3449 | D:5      | Killed Sigmund
  3449 | D:5      | Reached XP level 5. HP: 42/42 MP: 5/5
  3449 | D:5      | Reached XP level 6. HP: 48/48 MP: 6/6
  3553 | D:5      | Noticed Duvessa
  3556 | D:5      | Noticed Dowan
  3582 | D:5      | Slain by Duvessa

Skill      XL: |  1  2  3  4 |
---------------+-------------+-----
Dodging        | 2 3 4 |  4.9
Fighting       | 3 4 |  4.4
Polearms       | 1 2 4 |  4.4
Short Blades   | |  2.4
Throwing       | |  2.0
Stealth        | |  4.3

Action                   |  1- 3 |  4- 6 || total
-------------------------+-------+-------++-------
Melee: Dagger            |   109 |    83 ||   192
 Fire: Blowgun           |    11 |    10 ||    21
  Use: Scroll            |     1 |     9 ||    10
       Potion            |       |     1 ||     1
 Stab: Sleeping          |     8 |     5 ||    13
  Eat: Chunk             |     3 |     5 ||     8
Armor: Robe              |    12 |     1 ||    13
       Ring mail         |       |    25 ||    25
Dodge: Dodged            |    61 |    38 ||    99
